AoeStats
← IdliDosa

Nomad

506879979Analyzed
4v4 RM · 17d ago on Sep 15, 2026· 52m 46s· 8 players
Game mode
Random Map
Map size
231×231
Population
200
Speed
Normal
Resources
Standard
Victory
Conquest
Starting age
Dark Age
Ending age
Imperial Age
RankedLock teamsTeams togetherTeam positionsShared explorationLock speedFull tech treeHidden civsTurbo modeCheats
Victory
Defeat
🇨🇳 Franks · China
1232
+17
🇯🇵 Spanish · Japan
1211
+18
🇮🇳 Japanese · India
1201
+18
🇹🇼 Burmese · Taiwan
1176
+18
🇦🇺 Malay · Australia
1260
-18
🇨🇴 Mongols · Colombia
1250
-18
🇲🇽 Wu · Mexico
1249
-18
🇬🇧 Vietnamese · United Kingdom
1230
-17
alien
12:27 Feudal Age
14:26 Loom
17:55 Castle Age
17:28 Double-Bit Axe
19:24 Gold Mining
20:09 Horse Collar
21:08 Wheelbarrow
32:08 Husbandry
32:19 Bloodlines
35:17 Imperial Age
33:10 Scale Barding Armor
35:08 Chain Barding Armor
35:03 Heavy Plow
36:00 Forging
36:04 Cavalier
38:19 Plate Barding Armor
38:20 Iron Casting
40:24 Paladin
41:25 Pikeman
42:36 Halberdier
48:07 Blast Furnace
47:07 Scale Mail Armor
49:44 Chain Mail Armor
50:57 Elite Skirmisher
52:55 Bow Saw
念
4:21 Loom
15:10 Feudal Age
17:29 Double-Bit Axe
17:54 Fishing Lines
24:30 Wheelbarrow
27:46 Castle Age
28:49 Hand Cart
34:34 Bow Saw
36:07 Gold Mining
36:15 Stone Mining
39:46 Imperial Age
37:35 Scale Barding Armor
37:40 Forging
38:46 Chain Barding Armor
39:54 Gold Shaft Mining
39:56 Iron Casting
39:45 Husbandry
39:51 Cavalier
41:56 Plate Barding Armor
42:44 Blast Furnace
41:47 Paladin
48:43 Chivalry
49:03 Conscription
49:19 Hoardings
IdliDosa
8:31 Loom
15:00 Feudal Age
15:43 Double-Bit Axe
18:11 Fletching
23:44 Castle Age
24:37 Medium Warships
24:29 Bodkin Arrow
26:53 Bow Saw
26:30 Horse Collar
27:16 Heavy Plow
28:03 Scale Mail Armor
31:53 Clinker Construction
33:10 Fishing Lines
34:27 Ballistics
34:59 Chain Mail Armor
35:15 Gold Mining
35:15 Stone Mining
36:35 Chain Mail Armor
36:31 Forging
38:42 Iron Casting
41:56 Padded Archer Armor
41:52 Elite Skirmisher
48:05 Wheelbarrow
47:16 Town Watch
52:39 Hand Cart
優秀的傳教士
4:39 Loom
15:27 Feudal Age
17:11 Town Watch
19:54 Castle Age
22:46 Town Patrol
23:25 Fletching
29:22 Bodkin Arrow
31:21 Padded Archer Armor
33:55 Wheelbarrow
36:55 Hand Cart
38:33 Scale Barding Armor
42:08 Imperial Age
44:16 Conscription
45:11 Bloodlines
45:02 Husbandry
45:18 Pikeman
45:59 Squires
46:03 Scale Mail Armor
47:25 Light Cavalry
47:35 Halberdier
48:33 Chain Mail Armor
48:19 Bracer
49:53 Plate Mail Armor
51:55 Forging
53:39 Ballistics
Leeroy Jenkins III
4:34 Loom
14:58 Feudal Age
15:22 Fishing Lines
17:14 Double-Bit Axe
20:06 Castle Age
18:41 Gold Mining
21:26 Bow Saw
21:11 Gillnets
24:09 Stone Mining
27:04 Fletching
27:42 Bodkin Arrow
28:12 Heated Shot
28:04 Treadmill Crane
28:45 Ballistics
32:14 Imperial Age
32:15 Wheelbarrow
32:29 Medium Warships
32:37 Padded Archer Armor
33:40 Heavy Warships
35:46 Chemistry
36:00 Two-Man Saw
37:03 Bracer
37:45 Stone Shaft Mining
39:21 Scale Barding Armor
39:26 Forging
38:53 Elite Battle Elephant
39:46 Bloodlines
39:37 Husbandry
40:40 Chain Barding Armor
42:30 Plate Barding Armor
43:14 Demolition Ship
52:28 Light Cavalry
TGF LordKYO
4:16 Loom
13:42 Feudal Age
16:28 Town Watch
19:15 Castle Age
17:02 Double-Bit Axe
17:41 Stone Mining
17:47 Gold Mining
18:28 Fletching
19:30 Horse Collar
22:29 Wheelbarrow
22:35 Wheelbarrow
29:23 Imperial Age
27:39 Padded Archer Armor
28:24 Heavy Plow
29:31 Bow Saw
30:44 Bloodlines
31:24 Bodkin Arrow
32:40 Scale Barding Armor
34:47 Chain Barding Armor
35:44 Hand Cart
37:04 Chemistry
36:25 Ballistics
37:11 Leather Archer Armor
37:39 Bracer
37:50 Forging
38:37 Husbandry
37:58 Light Cavalry
39:56 Elite Mangudai
42:10 Iron Casting
41:36 Murder Holes
45:33 Conscription
47:04 Blast Furnace
47:17 Parthian Tactics
47:53 Drill
47:34 Nomads
47:37 Hussar
50:32 Hoardings
50:37 Nomads
50:51 Heavy Camel Rider
xblxavier
4:09 Loom
15:52 Feudal Age
16:53 Gold Mining
16:51 Double-Bit Axe
17:01 Fishing Lines
17:57 Stone Mining
21:22 Castle Age
21:02 Town Watch
22:08 Gillnets
22:57 Bow Saw
23:44 Stone Shaft Mining
23:47 Gold Shaft Mining
24:55 Fletching
25:53 Wheelbarrow
25:35 Bodkin Arrow
27:32 Hand Cart
27:57 Horse Collar
29:35 Heavy Plow
34:59 Imperial Age
33:54 Red Cliffs Tactics
35:27 Ballistics
37:32 Conscription
37:23 Bracer
40:48 Sitting Tiger
41:44 Guilds
42:47 Chemistry
44:30 Elite Fire Archer
46:22 Murder Holes
DreamStolen
4:31 Loom
13:12 Feudal Age
14:49 Double-Bit Axe
21:15 Castle Age
19:13 Horse Collar
20:37 Fletching
20:48 Padded Archer Armor
21:34 Bow Saw
20:47 Man-at-Arms
21:28 Squires
21:40 Forging
22:19 Medium Warships
24:07 Elite Skirmisher
Connection lost

Rejoining the realm…

Still unreachable

The connection could not be restored.

Session expired

The server has moved on; the page needs a fresh start.